 Seeded DCSS version 0.29.1-15-g9cfb28693d (webtiles) character file.

Game seed: 1 (custom seed)

903 Kazon the Ducker (level 7, 0/94 HPs)
             Began as a Yellow Draconian Fighter on Apr 18, 2023.
             Slain by a sky beast (1 damage)
             ... on level 5 of the Dungeon.
             The game lasted 00:13:29 (3620 turns).

Kazon the Ducker (Yellow Draconian Fighter)         Turns: 3620, Time: 00:13:30

Health: 0/94       AC: 18    Str: 19    XL:     7   Next: 80%
Magic:  7/7        EV: 13    Int: 10    God:
Gold:   324        SH:  5    Dex: 10    Spells: 6/6 levels left

rFire   . . .      SeeInvis .   w - +1 long sword (protect)
rCold   . . .      Faith    .   l - +0 buckler
rNeg    + . .      Spirit   .   (body armour unavailable)
rPois   .          Reflect  .   o - +2 hat "Kegi" {rElec}
rElec   +          Harm     .   (no cloak)
rCorr   +          Rampage  .   (no gloves)
Will    .....                   k - +2 pair of boots
Stlth   ..........              f - amulet of the acrobat
HPRegen 0.25/turn               r - ring of positive energy
MPRegen 0.10/turn               (no ring)

@: berserking (expiring), short of breath, under a protective aura, very quick
A: spit acid, AC +6, unfitting armour, cold-blooded, acid resistance
a: Breathe Acid


You were on level 5 of the Dungeon.
You visited 1 branch of the dungeon, and saw 5 of its levels.

You collected 324 gold pieces.

Inventory:

Hand Weapons
 e - a +2 dagger of venom
 w - a +1 long sword of protection (weapon)
Missiles
 j - 16 stones (quivered)
 n - 5 boomerangs
 v - a throwing net
Armour
 k - a +2 pair of boots (worn)
 l - a +0 buckler (worn)
 o - the +2 hat "Kegi" (worn) {rElec}
   (You acquired it on level 1 of the Dungeon)

   rElec:     It insulates you from electricity.
Jewellery
 f - an amulet of the acrobat (around neck)
 r - a ring of positive energy (left hand)
Wands
 y - a wand of mindburst (19)
Scrolls
 i - 9 scrolls of identify {unknown}
 m - a scroll of immolation {unknown}
 p - a scroll of poison {unknown}
 q - a scroll of fog {unknown}
 t - a scroll of magic mapping {unknown}
 u - a scroll of noise {unknown}
 x - a scroll of teleportation {unknown}
Potions
 a - a potion of ambrosia {unknown}
 c - a potion of might
 d - 2 potions of haste {unknown}
 g - a potion of flight {unknown}
 h - a potion of attraction {unknown}
 s - a potion of lignification {unknown}


   Skills:
 + Level 6.2 Fighting
 + Level 4.0(5.4) Short Blades
 + Level 5.5(6.1) Long Blades
 + Level 4.8 Throwing
 + Level 6.3 Dodging
 + Level 5.5 Stealth
 + Level 5.3 Shields
 * Level 1.1 Evocations


You had 6 spell levels left.
You didn't know any spells.
Your spell library contained the following spells:

 Spells                   Type           Power      Damage    Failure   Level
 Apportation              Tloc           0%         N/A       43%         1
 Necrotise                Necr           0%         1d4       43%         1
 Sting                    Tmut/Pois      0%         1d3       43%         1
 Summon Small Mammal      Summ           0%         N/A       43%         1
 Poisonous Vapours        Pois/Air       0%         N/A       58%         2
 Olgreb's Toxic Radiance  Pois           0%         N/A       99%         4
 Fireball                 Conj/Fire      0%         3d3       100%        5
 Iskenderun's Battlesphe  Conj           0%         2d6       100%        5
 Conjure Ball Lightning   Conj/Air       0%         3x3d6     100%        6
 Orb of Destruction       Conj           0%         9d5       100%        7


Dungeon Overview and Level Annotations

Branches:
Dungeon (5/15)
 Temple: D:4-7

Altars:
Hepliaklqana

Shops:
D:3 (


Innate Abilities, Weirdness & Mutations

You can spit globs of acid.
Your golden yellow scales are hard. (AC +6)
You cannot fit into any form of body armour.
You are cold-blooded and may be slowed by cold attacks.
You are resistant to acid. (rCorr)


Message History

The ufetubus hits you but does no damage.
You block the ufetubus's attack.
You slash the scorpion!
You kill the scorpion!
The centaur hits you but does no damage.
The centaur closely misses you. The ufetubus hits you.
* * * LOW HITPOINT WARNING * * *
The ufetubus hits you.
* * * LOW HITPOINT WARNING * * *
You slash the centaur!
The centaur is almost dead.
The ufetubus hits you but does no damage. x2
The centaur misses you. The centaur closely misses you.
Something hits you but does no damage.
You hit the centaur.
You kill the centaur!
The ufetubus misses you. You block the ufetubus's attack.
Something hits you but does no damage.
Your Evocations skill increases to level 1!
You barely miss the ufetubus. You block the ufetubus's attack.
The ufetubus misses you. The ufetubus barely misses you. x2
A sky beast appears from thin air!
Reactivating autopickup.
The sky beast barely misses you.
You closely miss the ufetubus.
The ufetubus hits you but does no damage. x2
You closely miss the ufetubus.
The sky beast hits you but does no damage.
The ufetubus completely misses you. The ufetubus misses you.
You slice the ufetubus!!
You kill the ufetubus!
The sky beast hits you but does no damage.
You slash the sky beast!
The sky beast is moderately wounded.
The sky beast flickers out of sight!
Deactivating autopickup; reactivate with Ctrl-A.
Something hits you.
* * * LOW HITPOINT WARNING * * *
Something shocks you. You resist.
You die...

.........# ...!....
....... ...... ####
~.... ##..## #..#
##...)## ##s#
##...@{.###Y.###
#........#.....####
#....=............####
#........####........#
#........# ####....<.
#........# #...###...
##>....!## #......###
###...## #.......##
##### #........#


There were no monsters in sight!

Vanquished Creatures
  Eustachio (D:5)
  A centaur (D:5)
  4 scorpions
  A hound (D:4)
  An orc priest (D:3)
  2 iguanas
  Robin (D:3)
  3 gnolls (D:2)
  6 adders
  An ufetubus (D:5)
  3 worms
  5 orcs
  11 endoplasms
  A giant cockroach (D:1)
  16 goblins
  9 hobgoblins
  A jackal (D:4)
  4 kobolds
  A quokka (D:1)
  4 ball pythons
  4 bats
  3 frilled lizards
  6 rats
89 creatures vanquished.

Notes
Turn   | Place    | Note
-------+----------+-------------------------------------------
     0 | D:1      | Kazon the Draconian Fighter began the quest for the Orb.
     0 | D:1      | Reached XP level 1. HP: 19/19 MP: 1/1
    42 | D:1      | Identified a scroll of acquirement
    42 | D:1      | Acquired the +2 hat "Kegi" {rElec}
   213 | D:1      | Reached XP level 2. HP: 24/26 MP: 2/2
   854 | D:2      | Reached XP level 3. HP: 31/33 MP: 3/3
  1525 | D:2      | Reached XP level 4. HP: 25/40 MP: 4/4
  2029 | D:3      | Found Umat's Antique Weapon Boutique.
  2099 | D:3      | Reached XP level 5. HP: 44/46 MP: 5/5
  2104 | D:3      | Noticed Robin
  2132 | D:3      | Killed Robin
  2282 | D:3      | Reached skill level 5 in Fighting
  2282 | D:3      | Reached skill level 5 in Long Blades
  2282 | D:3      | Reached skill level 5 in Dodging
  2282 | D:3      | Reached skill level 5 in Stealth
  2282 | D:3      | Reached skill level 5 in Shields
  2282 | D:3      | Reached XP level 6. HP: 57/57 MP: 6/6
  3070 | D:4      | Your scales start taking on a golden yellow colour.
  3070 | D:4      | Reached XP level 7. HP: 63/63 MP: 7/7
  3070 | D:4      | Gained mutation: You are resistant to acid. (rCorr) [Yellow
                  | Draconian growth]
  3123 | D:4      | Found a hazy altar of Hepliaklqana.
  3539 | D:5      | Entered Level 5 of the Dungeon
  3572 | D:5      | Noticed Eustachio
  3601 | D:5      | Killed Eustachio
  3603 | D:5      | HP: 3/63 [iguana (8)]
  3613 | D:5      | HP: 4/94 [ufetubus (2)]
  3616 | D:5      | Reached skill level 1 in Evocations
  3620 | D:5      | HP: 1/94 [something (4)]
  3620 | D:5      | Slain by a sky beast

Illustrated notes

Levels and vault maps discovered:
D:1:      dpeg_arrival_three_smaller_balls, layout_basic
D:2:      layout_loops_ring
D:3:      layout_basic, serial_shops, nicolae_shop_stone, st_stairs_9,
          minmay_misc_feat_doors, eino_curves_03, uniq_robin
D:4:      minmay_wonky_spiral, layout_basic,
          mainiacjoe_overflow_surrounded_room, minivault_5
D:5:      layout_cave_pods, uniq_menkaure, uniq_eustachio

Skill      XL: |  1  2  3  4  5  6  7 |
---------------+----------------------+-----
Dodging        | 3 5 6 |  6.3
Long Blades    | 3 5 |  5.5
Fighting       | 4 5 6 |  6.2
Short Blades   | 3 4 |  4.0
Throwing       | 4 |  4.8
Stealth        | 5 |  5.5
Shields        | 5 |  5.3
Evocations     | 1 |  1.1

Action                   |  1- 3 |  4- 6 |  7- 9 || total
-------------------------+-------+-------+-------++-------
Melee: Long sword        |   106 |    29 |    33 ||   168
       Tailslap          |    11 |    12 |     7 ||    30
       Dagger            |       |   104 |    18 ||   122
Throw: Stone             |     9 |    16 |       ||    25
       Boomerang         |       |     2 |       ||     2
 Abil: Breathe Acid      |       |       |     4 ||     4
Evoke: Wand              |       |       |     1 ||     1
  Use: Scroll            |     1 |       |       ||     1
       Potion            |       |     1 |     1 ||     2
 Stab: Sleeping          |       |     5 |     1 ||     6
Armor: Skin              |    44 |    35 |    65 ||   144
Dodge: Dodged            |    83 |    68 |    89 ||   240
Block: Buckler           |    21 |    24 |    30 ||    75
